 Dungeon Crawl Stone Soup version 0.31.0-32-g396128a36d (webtiles) character file.

Game seed: 11436537240781456032

2216 Finalfun the Cleaver (level 9, -6/63 HPs)
             Began as a Demonspawn Fighter on Apr 4, 2024.
             Was an Initiate of Gozag.
             Killed from afar by Maggie (19 damage)
             ... with a bolt of fire
             ... on level 7 of the Dungeon.
             The game lasted 00:12:07 (6189 turns).

Finalfun the Cleaver (Demonspawn Fighter)           Turns: 6189, Time: 00:12:08

Health: -6/63      AC: 15    Str: 21    XL:     9   Next: 13%
Magic:  9/9        EV:  2    Int:  8    God:    Gozag
Gold:   582        SH:  4    Dex: 13    Spells: 8/8 levels left

rFire   . . .        a - +0 war axe
rCold   . . .        c - +0 buckler
rNeg    . . .        j - +0 plate armour
rPois   .            (helmet restricted)
rElec   .            (no cloak)
rCorr   .            (no gloves)
SInv    .            i - +0 pair of boots
Will    .....        (no amulet) Stlth
                     (no ring)
HPRegen 0.30/turn    (no ring)
MPRegen 0.11/turn

%: no passive effects
@: grasped by roots, gold aura, mesmerised, constricted
A: horns 1, yellow scales 2, powered by death 1, demonic magic 2
a: Renounce Religion, Potion Petition, Call Merchant, Bribe Branch


You were on level 7 of the Dungeon.
You worshipped Gozag.
Gozag was pleased with you.
You visited 1 branch of the dungeon, and saw 7 of its levels.
You also visited: Sewer.

You collected 635 gold pieces.
You paid 53 gold pieces to Gozag.

Inventory:

Hand Weapons
 a - a +0 war axe (weapon)
Missiles
 e - 78 stones
 k - 18 poisoned darts (quivered)
 x - a curare-tipped dart
Armour
 c - a +0 buckler (worn)
 i - a +0 pair of boots (worn)
 j - a +0 plate armour (worn)
Wands
 f - a wand of roots (8)
 q - a wand of polymorph (6)
Scrolls
 h - 2 scrolls of amnesia {unknown}
 l - a scroll of fear {unknown}
 m - 6 scrolls of teleportation
 n - 2 scrolls of enchant armour {unknown}
 s - 2 scrolls of noise {unknown}
 t - a scroll of acquirement {unknown}
 w - a scroll of silence {unknown}
 y - a scroll of torment {unknown}
 C - a scroll of fog {unknown}
 D - a scroll of blinking {unknown}
 E - 2 scrolls of revelation
 F - a scroll of summoning {unknown}
Potions
 b - 4 potions of cancellation
 d - a potion of might
 g - a potion of attraction {unknown}
 p - 2 potions of mutation {unknown}
 r - a potion of ambrosia {unknown}
 u - 2 potions of brilliance {unknown}
 v - a potion of haste {unknown}
 z - 2 potions of curing
 A - 2 potions of degeneration {unknown}
 B - 3 potions of lignification {unknown}


   Skills:
 - Level 3.0 Fighting
 + Level 11.1 Axes
 - Level 3.0 Armour
 - Level 3.0 Shields


You had 8 spell levels left.
You didn't know any spells.
Your spell library contained the following spells:

 Spells                   Type           Power      Damage    Failure   Level
 Necrotise                Necr           0%         1d4       100%        1
 Frozen Ramparts          Ice            0%         1d1       100%        3
 Tukima's Dance           Hex            0%         N/A       100%        3
 Vampiric Draining        Necr           0%         2d6       100%        3
 Leda's Liquefaction      Alch/Erth      0%         N/A       100%        4
 Martyr's Knell           Necr/Summ      0%         N/A       100%        4
 Passage of Golubria      Tloc           0%         N/A       100%        4
 Petrify                  Alch/Erth      0%         N/A       100%        4
 Curse of Agony           Necr           0%         N/A       100%        5
 Metabolic Englaciation   Hex/Ice        0%         N/A       100%        5
 Yara's Violent Unravell  Hex/Alch       0%         3d3       100%        5


Dungeon Overview and Level Annotations

Branches:
Dungeon (7/15)             Temple (0/1) D:7           Sewer (visited)

Altars:
Gozag
Hepliaklqana
Qazlal
Uskayaw
Vehumet
Wu Jian
Yredelemnul

Shops:
D:6 :   D:7 *

Annotations:
D:6 2 runed translucent doors, ratatoskos's ghost, novice HuHu
D:7 Maggie


Innate Abilities, Weirdness & Mutations

You have a pair of small horns on your head.
You are mostly covered in yellow scales. (AC +3)
You regenerate a little health from kills.
Spells you cast may paralyse nearby enemies.


Message History

Maggie gestures wildly while chanting.
Maggie attempts to bespell you!
You are mesmerised by Maggie!
Something hits you but does no damage.
You feel much better. Maggie hits you with a +0 broad axe.
Something hits you but does no damage.
Unknown command.
You slash Maggie!
Maggie is almost dead.
You slash something! Maggie hits you with a +0 broad axe. Something hits you.
* * * LOW HITPOINT WARNING * * *
Something shocks you.
* * * LOW HITPOINT WARNING * * *
You feel much better.
Maggie zaps a wand.
The roots erupt in riotous growth!
The grasping roots grab you!
Maggie is unaffected.
The grasping roots constrict you. Something hits you but does no damage.
You hit Maggie but do no damage.
Maggie is almost dead.
You barely miss something. Maggie hits you with a +0 broad axe!
* * * LOW HITPOINT WARNING * * *
The grasping roots constrict you.
* * * LOW HITPOINT WARNING * * *
Something hits you.
* * * LOW HITPOINT WARNING * * *
Something shocks you.
* * * LOW HITPOINT WARNING * * *
You feel much better. Maggie casts a spell at you. The bolt of fire hits you!
* * * LOW HITPOINT WARNING * * *
The bolt of fire hits something!!
Reactivating autopickup.
You feel a bit more experienced. The grasping roots constrict you.
You barely miss Maggie. You headbutt Maggie, but do no damage.
Maggie is almost dead.
Maggie casts a spell at you. The bolt of fire hits you!!
You die...
Your body crumbles into a pile of gold.

.....#
#####+#.
#.....# #...
# ##.....#
######.. #.
......#
#.......
#.##.....###
#.######
...<......#
#.#
#........#
#.#
###........#
#.#
#.'..$@@...#
#.#
#.#........#
#.#
#.##########
#.# #.# #.#
#.# #######
#.# #.#
#.....# #.#
#.# #.###.#
#.# #.# #.#
#.# #.#
#.###.#
#.######.#


You could see Maggie (mesmerising).

Vanquished Creatures
  Sigmund (D:6)
  3 ice beasts
  3 black bears
  An orc warrior (D:6)
  2 phantoms (D:6)
  A kobold brigand (Sewer)
  A bullfrog (D:6)
  4 scorpions
  2 water moccasin zombies (D:6)
  2 bullfrog zombies (D:6)
  2 centaur zombies (D:6)
  2 hounds
  An orc priest (D:5)
  A sleepcap (D:6)
  A centaur skeleton (D:6)
  A gnoll bouda (D:6)
  2 iguanas (D:7)
  3 orc wizards (D:5)
  A killer bee zombie (D:6)
  7 gnolls
  9 adders
  A river rat (Sewer)
  2 shadow imps
  A white imp (D:6)
  2 ufetubi (D:7)
  5 ribbon worms
  12 orcs
  10 ball pythons
  5 bats
  11 endoplasms
  3 giant cockroaches
  2 goblins
  4 hobgoblins
  3 jackals (D:4)
  7 kobolds
  5 quokkas
  2 frilled lizards
  3 rats
128 creatures vanquished.

Vanquished Creatures (others)
  A sky beast (D:7)
1 creature vanquished.

Grand Total: 129 creatures vanquished

Notes
Turn   | Place    | Note
-------+----------+-------------------------------------------
     0 | D:1      | Finalfun the Demonspawn Fighter began the quest for the
                  | Orb.
     0 | D:1      | Reached XP level 1. HP: 18/18 MP: 1/1
   352 | D:1      | Gained mutation: You have a pair of small horns on your
                  | head. [demonic ancestry]
   352 | D:1      | Reached XP level 2. HP: 24/24 MP: 2/2
   616 | D:2      | Reached skill level 2 in Axes
   648 | D:2      | Found a faded altar of an unknown god.
   832 | D:2      | Reached XP level 3. HP: 29/29 MP: 3/3
  1008 | D:2      | Reached skill level 3 in Axes
  1438 | D:3      | Found a radiant altar of Vehumet.
  1622 | D:3      | Gained mutation: You regenerate a little health from kills.
                  | [demonic ancestry]
  1622 | D:3      | Reached XP level 4. HP: 18/35 MP: 4/4
  2088 | D:3      | Reached skill level 4 in Axes
  2296 | D:4      | Noticed a scorpion
  2379 | D:4      | Gained mutation: Spells you cast may paralyse adjacent
                  | enemies. [demonic ancestry]
  2379 | D:4      | Reached XP level 5. HP: 36/41 MP: 5/5
  2540 | D:4      | Found a stormy altar of Qazlal.
  2595 | D:4      | Found an ornate altar of the Wu Jian Council.
  2624 | D:4      | Found a basalt altar of Yredelemnul.
  2835 | D:4      | Reached skill level 5 in Axes
  2918 | D:5      | Entered Level 5 of the Dungeon
  2989 | D:5      | Reached XP level 6. HP: 47/47 MP: 6/6
  3057 | D:5      | Found a glowing drain.
  3089 | Sewer    | Entered a sewer
  3254 | Sewer    | Reached skill level 6 in Axes
  3605 | D:5      | Noticed an ice beast
  3616 | D:5      | Killed an ice beast
  3617 | D:5      | Gained mutation: Spells you cast may paralyse nearby
                  | enemies. [demonic ancestry]
  3617 | D:5      | Reached XP level 7. HP: 43/52 MP: 7/7
  3676 | D:5      | Reached skill level 7 in Axes
  4062 | D:5      | Found a hide-covered altar of Uskayaw.
  4075 | D:5      | Found an opulent altar of Gozag.
  4081 | D:5      | Became a worshipper of Gozag Ym Sagoz the Greedy
  4368 | D:6      | Reached skill level 8 in Axes
  4587 | D:6      | Gained mutation: You are partially covered in yellow
                  | scales. (AC +2) [demonic ancestry]
  4587 | D:6      | Reached XP level 8. HP: 47/58 MP: 8/8
  4830 | D:6      | Reached skill level 9 in Axes
  4946 | D:6      | Found a large runed translucent door.
  4947 | D:6      | Found a large runed translucent door.
  4948 | D:6      | Noticed ratatoskos's ghost (novice HuHu)
  5012 | D:6      | Found a hazy altar of Hepliaklqana.
  5012 | D:6      | Noticed Sigmund
  5015 | D:6      | Found a faded altar of an unknown god.
  5037 | D:6      | Killed Sigmund
  5038 | D:6      | Reached skill level 10 in Axes
  5379 | D:6      | Found Watuh's Book Boutique.
  5461 | D:7      | Found Daru's General Store.
  5505 | D:7      | Found a staircase to the Ecumenical Temple.
  5871 | D:7      | Gained mutation: You are mostly covered in yellow scales.
                  | (AC +3) [demonic ancestry]
  5871 | D:7      | Reached XP level 9. HP: 63/63 MP: 9/9
  5980 | D:7      | Reached skill level 11 in Axes
  6172 | D:7      | Noticed Maggie
  6189 | D:7      | Killed from afar by Maggie

Illustrated notes

Levels and vault maps discovered:
D:1:      elethiomel_arrival_infinity_welcomes_careful_drivers, layout_basic
D:2:      layout_loops_ring, dreamdust_ecumenical_altar_statues, basic_altar
D:3:      layout_basic, overflow_temple_1_default, elyvilon_altar_3,
          serial_co_window_serial, co_window_cross_1, co_window_paths_b,
          co_window_cross_1, co_window_corner_a, co_window_paths_a,
          co_window_unsneaky_path_a, co_window_paths_c, co_window_cross_4,
          co_window_unsneaky_path_a, co_window_2corner, glass_columns_b,
          glass_columns_a, glass_columns_a
D:4:      layout_cave_pools, pdpol_wu_jian_five_deadly_venoms,
          grunt_qazlal_sundering, mainiacjoe_overflow_surrounded_room
D:5:      layout_basic, grunt_gozag_statues, mainiacjoe_overflow_boulevard,
          cheibrodos_sewer_entry_bend, lemuel_flamethrower_1
D:6:      layout_rooms, beargit_hepliaklqana_dungeon_heroes, serial_shops,
          nicolae_shop_pleasant_corner_grove, ebering_ghost_disaster_area,
          serial_undead, serial_undead_c, serial_undead_e, serial_undead_d,
          serial_undead_e
D:7:      layout_basic, minmay_temple_entry_slanted,
          nicolae_inconvenience_store, uniq_maggie

Skill      XL: |  1  2  3  4  5  6  7  8  9 |
---------------+----------------------------+-----
Armour         | 3 |  3.0
Shields        | 3 |  3.0
Axes           | 2 3 4 5 6 8 10 11 | 11.1
Fighting       | |  3.0

Action                     |  1- 3 |  4- 6 |  7- 9 || total
---------------------------+-------+-------+-------++-------
  Melee: War axe           |    90 |   154 |   257 ||   501
         Headbutt          |     8 |    19 |    57 ||    84
  Throw: Dart              |       |     1 |       ||     1
    Use: Scroll            |     1 |     5 |     1 ||     7
         Potion            |       |     4 |     4 ||     8
 Armour: Scale mail        |    15 |       |       ||    15
         Plate armour      |    73 |   126 |   333 ||   532
  Dodge: Dodged            |    33 |    32 |    76 ||   141
  Block: Buckler           |    26 |    38 |    55 ||   119
